 Dungeon Crawl Stone Soup version 0.31-a0-234-gad7ace16ef (webtiles) character file.

Game seed: 16946980929865954978

53 qw the Shooter (level 3, -1/29 HPs)
             Began as a Minotaur Hexslinger on July 9, 2023.
             Slain by Terence
             ... wielding a +0 hand axe
              (4 damage)
             ... on level 3 of the Dungeon.
             The game lasted 00:00:35 (1177 turns).

qw the Shooter (Minotaur Hexslinger)                Turns: 1177, Time: 00:00:36

Health: -1/29      AC:  5    Str: 12    XL:     3   Next: 62%
Magic:  3/3        EV: 11    Int: 10    God:
Gold:   113        SH:  0    Dex: 14    Spells: 3/4 levels left

rFire   . . .        Y - +1 sling
rCold   . . .        (no shield)
rNeg    . . .        h - +0 ring mail
rPois   .            (helmet restricted)
rElec   .            (no cloak)
rCorr   .            (no gloves)
SInv    .            (no boots)
Will    .....        (no amulet)
Stlth   +            (no ring)
HPRegen 0.24/turn    (no ring)
MPRegen 0.08/turn

%: no passive effects
@: no status effects
A: horns 2, retaliatory headbutt
a: no special abilities


You were on level 3 of the Dungeon.
You visited 1 branch of the dungeon, and saw 3 of its levels.

You collected 113 gold pieces.


Innate Abilities, Weirdness & Mutations

You have a pair of horns on your head.
You reflexively headbutt those who attack you in melee.


   Skills:
 - Level 2.0 Fighting
 - Level 4.1 Ranged Weapons
 + Level 0.1 Armour
 - Level 2.1 Dodging
 - Level 1.0 Spellcasting
 - Level 2.0 Hexes


You had 3 spell levels left.
You knew the following spells:

 Your Spells              Type           Power      Damage    Failure   Level
a - Slow                  Hex            16%        N/A       34%         1

Your spell library contained the following spells:

 Spells                   Type           Power      Damage    Failure   Level
 Inner Flame              Hex/Fire       2%         N/A       83%         3
 Portal Projectile        Hex/Tloc       4%         N/A       83%         3
 Cause Fear               Hex            2%         N/A       98%         4

Inventory:

Hand Weapons
 Y - a +1 sling (weapon)
Armour
 h - a +0 ring mail (worn)
Scrolls
 i - a scroll of identify
Potions
 b - a potion of curing
 d - a potion of haste {unknown}
 e - a potion of mutation {unknown}
 j - a potion of might {unknown}
 k - a potion of invisibility {unknown}

Dungeon Overview and Level Annotations

Branches:
Dungeon (3/15)

Altars:

Shops:
D:1 (

Annotations:
D:3 Terence


Message History

There is an open door here.
You shoot a sling bullet. The sling bullet barely misses Terence.
You shoot a sling bullet. The sling bullet barely misses Terence.
You shoot a sling bullet. The sling bullet hits Terence.
Terence is lightly wounded.
You shoot a sling bullet. The sling bullet barely misses Terence.
You shoot a sling bullet.
The sling bullet hits Terence but does no damage.
Terence is lightly wounded.
Terence hits you with a +0 hand axe.
You shoot a sling bullet. The sling bullet hits Terence.
Terence is moderately wounded.
Terence closely misses you. x2
You shoot a sling bullet.
The sling bullet hits Terence but does no damage.
Terence is moderately wounded.
Terence hits you with a +0 hand axe.
You shoot a sling bullet. The sling bullet hits Terence.
Terence is moderately wounded.
Terence says, "Did you write a will?
You should..."
Terence hits you with a +0 hand axe.
You shoot a sling bullet. The sling bullet barely misses Terence.
Terence hits you with a +0 hand axe!
You shoot a sling bullet.
The sling bullet hits Terence but does no damage.
Terence is moderately wounded.
Terence hits you with a +0 hand axe. Terence hits you but does no damage.
You shoot a sling bullet.
The sling bullet closely misses Terence.
Terence closely misses you.
You shoot a sling bullet. The sling bullet hits Terence.
Terence is heavily wounded.
Terence hits you but does no damage.
You shoot a sling bullet.
The sling bullet hits Terence but does no damage.
Terence is heavily wounded.
Terence hits you with a +0 hand axe. Terence barely misses you.
You shoot a sling bullet. The sling bullet barely misses Terence.
Terence hits you with a +0 hand axe.
You die...

..# #.# #.# ##+# ##
###.# #...# #.##
##.##.# .....# #.###.#
#<# ......# ##..#..#
#.#
.......####....#.###.#
......@@.............#
.......###......(#####
......# #.#.#####
.....# #.### #...# #.#
##+# #.# #.# #.# #.#


You could see Terence.

Vanquished Creatures
  2 worms (D:2)
  A dart slug (D:1)
  5 bats
  4 endoplasms
  3 goblins
  3 hobgoblins
  5 jackals (D:1)
  3 quokkas
  6 ball pythons
  2 frilled lizards (D:1)
  3 kobolds
  6 rats (D:1)
43 creatures vanquished.

Notes
Turn   | Place    | Note
-------+----------+-------------------------------------------
     0 | D:1      | qw the Minotaur Hexslinger began the quest for the Orb.
     0 | D:1      | Reached XP level 1. HP: 16/16 MP: 1/1
     0 | D:1      | 0 ||| qw: Version: 0.3-a-51-g015441d
     0 | D:1      | 0 ||| qw: Game counter: 4263
     0 | D:1      | 0 ||| qw: Melee chars always use a shield: true
     0 | D:1      | 0 ||| qw: God list: Okawaru
     0 | D:1      | 0 ||| qw: Allow faded altars: false
     0 | D:1      | 0 ||| qw: Do Orc after clearing Dungeon:15 true
     0 | D:1      | 0 ||| qw: Do second Lair branch before Depths: true
     0 | D:1      | 0 ||| qw: Lair rune preference: random
     0 | D:1      | 0 ||| qw: Goals: Normal
     0 | D:1      | 0 ||| PLANNING D:1-11
   117 | D:1      | 117 ||| Stepping ~*~*~tactically~*~*~ (water).
   119 | D:1      | Reached skill level 3 in Ranged Weapons
   171 | D:1      | Reached XP level 2. HP: 23/23 MP: 2/2
   215 | D:1      | Found Wexe's Antique Weapon Shop.
   227 | D:1      | 227 ||| SHOPLISTING ichor-stained shortbow (200 gold, have
                  | 12).
   315 | D:1      | Reached XP level 3. HP: 29/29 MP: 3/3
   504 | D:1      | 504 ||| UPGRADING to +0 leather armour.
   514 | D:1      | 514 ||| DROPPING +0 robe.
   515 | D:1      | 515 ||| READING scroll labelled TAMNIN LYPEGA.
   516 | D:1      | 516 ||| READING 2 scrolls labelled YLUITEUJISCH.
   517 | D:1      | 517 ||| DROPPING scroll of poison.
   747 | D:2      | Found a faded altar of an unknown god.
   771 | D:2      | Reached skill level 4 in Ranged Weapons
  1114 | D:2      | 1114 ||| UPGRADING to +0 ring mail.
  1124 | D:2      | 1124 ||| DROPPING +0 leather armour.
  1125 | D:2      | 1125 ||| READING scroll labelled SEHEUT YT MAEZ.
  1126 | D:2      | 1126 ||| READING scroll labelled XEIRUVVI MIRAPN.
  1130 | D:2      | 1130 ||| DRINKING 2 fizzy green potions.
  1131 | D:2      | 1131 ||| READING 2 scrolls of identify.
  1131 | D:2      | 1131 ||| IDENTIFYING brown potion
  1132 | D:2      | 1132 ||| DROPPING potion of attraction.
  1163 | D:3      | Noticed Terence
  1176 | D:3      | HP: 3/29 [Terence/+0 hand axe (6)]
  1177 | D:3      | Slain by Terence

Levels and vault maps discovered:
D:1:      dpeg_arrival_castle, layout_rooms, serial_shops, shop,
          minmay_split_cup_small
D:2:      layout_rooms, hellmonk_ecumenical_altar_slurped_away
D:3:      layout_loops_corners, uniq_terence

Skill      XL: |  1  2  3 |
---------------+----------+-----
Ranged Weapons | 3 4 |  4.1
Fighting       | 2 |  2.0
Armour         | |  0.1
Dodging        | |  2.1
Spellcasting   | |  1.0
Hexes          | |  2.0

Action                     || total
---------------------------++-------
   Fire: Sling             ||   141
    Use: Scroll            ||     5
         Potion            ||     1
 Armour: Robe              ||     3
         Leather armour    ||     4
         Ring mail         ||     2
  Dodge: Dodged            ||    40

Table legend:
 A = Non-vault XP
 B = Vault XP
 C = Vault XP percentage of total XP
 D = Non-vault monster count
 E = Vault monster count
 F = Vault count percentage of total count
                 A         B        C        D         E       F
            +---------+---------+-------+---------+---------+-------
      Total |      69 |       7 |   9.2 |      39 |       4 |   9.3
            +---------+---------+-------+---------+---------+-------
        D:1 |      44 |       5 |  10.2 |      27 |       3 |  10.0
        D:2 |      23 |       2 |   8.0 |      11 |       1 |   8.3
        D:3 |       2 |       0 |   0.0 |       1 |       0 |   0.0
            +---------+---------+-------+---------+---------+-------
